AoeStats
← Coneishon

Arena

509258891Analyzed
2v2 RM · 7d ago on Sep 26, 2026· 41m 48s· 4 players
Game mode
Random Map
Map size
Medium (4 player)
Population
200
Speed
Normal
Resources
Standard
Victory
Conquest
Starting age
Dark Age
Ending age
Imperial Age
RankedLock teamsTeams togetherTeam positionsShared explorationLock speedFull tech treeHidden civsTurbo modeCheats
Victory
Defeat
🇨🇳 Bohemians · China
1246
+18
🇺🇸 Jurchens · United States
1245
+18
🇦🇷 Burgundians · Argentina
1291
-19
🇦🇷 Cumans · Argentina
1268
-17
Momo
10:36 Feudal Age
14:10 Castle Age
12:18 Double-Bit Axe
13:55 Horse Collar
14:50 Heavy Plow
15:02 Bow Saw
23:22 Wheelbarrow
23:18 Loom
23:18 Town Watch
23:27 Loom
24:24 Gold Mining
25:57 Gold Shaft Mining
28:39 Imperial Age
26:32 Scale Barding Armor
26:37 Forging
27:10 Hand Cart
27:36 Chain Barding Armor
28:44 Fortified Wall
29:36 Bloodlines
28:47 Elite Steppe Lancer
29:28 Husbandry
30:05 Plate Barding Armor
28:57 Capped Ram
29:46 Siege Ram
31:14 Iron Casting
33:00 Blast Furnace
36:36 Heavy Rocket Cart
37:38 Siege Engineers
38:36 Chemistry
38:01 Fletching
38:29 Town Patrol
39:23 Stone Mining
Morgana
2:33 Loom
9:58 Feudal Age
14:00 Castle Age
13:05 Double-Bit Axe
13:34 Horse Collar
18:16 Loom
19:43 Fervor
21:56 Wheelbarrow
23:41 Heavy Plow
25:19 Bow Saw
28:18 Imperial Age
25:35 Loom
28:15 Chemistry
27:34 Scale Mail Armor
27:44 Forging
28:33 Chain Mail Armor
27:40 Pikeman
28:21 Squires
29:46 Conscription
29:05 Halberdier
31:45 Iron Casting
31:40 Plate Mail Armor
33:29 Blast Furnace
32:31 Elite Skirmisher
33:03 Fletching
33:13 Padded Archer Armor
34:02 Ballistics
34:12 Bodkin Arrow
34:50 Houfnice
35:38 Bracer
35:53 Leather Archer Armor
36:35 Wagenburg Tactics
38:41 Ring Archer Armor
40:56 Blast Furnace
Coneishon
7:21 Loom
10:01 Feudal Age
14:43 Castle Age
15:23 Double-Bit Axe
16:02 Stone Mining
22:55 Bow Saw
24:39 Wheelbarrow
24:20 Town Watch
26:19 Horse Collar
26:50 Gold Mining
28:39 Hand Cart
28:47 Fletching
29:03 Padded Archer Armor
33:25 Imperial Age
31:17 Bodkin Arrow
31:48 Town Patrol
32:34 Leather Archer Armor
32:47 Thumb Ring
33:42 Heavy Plow
34:29 Elite Kipchak
35:48 Ballistics
36:29 Chemistry
38:52 Ring Archer Armor
39:14 Scale Barding Armor
39:20 Forging
39:52 Gold Shaft Mining
39:49 Crop Rotation
40:21 Two-Man Saw
39:47 Bloodlines
39:14 Elite Steppe Lancer
40:56 Chain Barding Armor
AgusssMetall
7:33 Loom
7:58 Loom
10:10 Feudal Age
14:27 Castle Age
14:12 Double-Bit Axe
14:09 Horse Collar
14:30 Gold Mining
21:09 Wheelbarrow
22:56 Hand Cart
24:31 Heavy Plow
25:21 Husbandry
27:02 Bow Saw
27:31 Stone Mining
27:53 Squires
28:37 Gold Shaft Mining
29:04 Scale Mail Armor
32:55 Imperial Age
31:06 Forging
32:20 Two-Man Saw
31:38 Scale Barding Armor
31:48 Chain Mail Armor
33:30 Iron Casting
33:38 Chain Barding Armor
36:14 Crop Rotation
37:07 Conscription
Connection lost

Rejoining the realm…

Still unreachable

The connection could not be restored.

Session expired

The server has moved on; the page needs a fresh start.